 Dungeon Crawl Stone Soup version 0.31-a0-232-gb1c03b2570 (webtiles) character file.

Game seed: 15020784166771314610

8 protoss039 the Digger (level 2, 20/20 HPs)
             Began as a Demonspawn Earth Elementalist on July 7, 2023.
             Got out of the dungeon alive.
             The game lasted 00:00:35 (307 turns).

protoss039 the Digger (DsEE)                         Turns: 307, Time: 00:00:36

Health: 20/20      AC:  2    Str:  8    XL:     2   Next: 0%
Magic:  5/5        EV: 17    Int: 16    God:
Gold:   0          SH:  0    Dex: 13    Spells: 4/5 levels left

rFire   . . .        c - +0 dagger
rCold   . . .        (no shield)
rNeg    . . .        a - +0 robe
rPois   .            (no helmet)
rElec   .            (no cloak)
rCorr   .            (no gloves)
SInv    .            (no boots)
Will    .....        (no amulet)
Stlth   ++           d - +5 ring of evasion
HPRegen 0.23/turn    (no ring)
MPRegen 0.09/turn

%: no passive effects
@: no status effects
A: demonic guardian 1
a: no special abilities


You escaped.
You visited 1 branch of the dungeon, and saw 1 of its levels.

Inventory:

Hand Weapons
 c - a +0 dagger (weapon)
Armour
 a - a +0 robe (worn)
Jewellery
 d - a +5 ring of evasion (left hand)
Scrolls
 e - a scroll of identify {unknown}
Potions
 b - a potion of magic


   Skills:
 + Level 0.7 Fighting
 - Level 1.7 Dodging
 - Level 1.7 Stealth
 + Level 2.2 Spellcasting
 - Level 0.8 Transmutations
 + Level 2.9 Earth Magic


You had 4 spell levels left.
You knew the following spells:

 Your Spells              Type           Power      Damage    Failure   Level
a - Sandblast             Erth           22%        2d7       6%          1

Your spell library contained the following spells:

 Spells                   Type           Power      Damage    Failure   Level
 Passwall                 Tmut/Erth      5%         N/A       14%         2
 Stone Arrow              Conj/Erth      12%        3d7       32%         3
 Petrify                  Tmut/Erth      7%         N/A       67%         4


Dungeon Overview and Level Annotations

Branches:
Dungeon (1/15) Zot: 5688

Altars:


Innate Abilities, Weirdness & Mutations

A weak demonic guardian rushes to your aid.


Message History

You hit the giant cockroach.
You kill the giant cockroach!
Unknown command.
Things that are here:
a +0 dagger; a goblin corpse
e - a scroll labelled VIETIL NADOIJI
Found a quarterstaff.
Found a stone staircase leading down.
Found 3 stones.
A rat comes into view.
A rat is nearby!
A rat is nearby!
A rat is nearby!
You barely miss the rat. The rat barely misses you.
Casting: Sandblast (safe; 6% risk of failure)
Confirm with . or Enter, or press ? or * to list all spells.
Aiming: Sandblast (safe; 6% risk of failure)
Press: ? - help, Shift-Dir - straight line, f - rat
Aim: a rat (82% to hit)
The blast of sand misses the rat.
The rat bites you.
Unknown command.
A rat is nearby!
Casting: Sandblast (safe; 6% risk of failure)
Confirm with . or Enter, or press ? or * to list all spells.
Aiming: Sandblast (safe; 6% risk of failure)
Press: ? - help, Shift-Dir - straight line, f/p - rat
Aim: a rat (82% to hit)
The blast of sand hits the rat!
You kill the rat!
You have reached level 2!
Your demonic ancestry asserts itself...
You feel the presence of a demonic guardian.
HP restored.
A dart slug comes into view.
Unknown command.
There is a stone staircase leading down here.
You enter the shallow water.
Moving in this stuff is going to be slow.
There is a staircase leading out of the dungeon here.
Are you sure you want to leave the Dungeon?
This will make you lose the game!
You have escaped!

###############
§≈§§§≈§§≈≈≈§§≈≈
≈≈≈≈§.§§§.≈≈§§≈
≈≈..§.~~~...§§≈
≈...~~~.~~~..§§
...~~~.@..~~..≈
≈...~~~.~~~...§
≈≈....~~~..§§§≈
≈§≈§≈.....≈§§§≈
≈≈≈§≈≈≈.≈≈≈§§§≈
#######.#######
##..# # ##..##
###.###..##


There were no monsters in sight!

Vanquished Creatures
  An endoplasm (D:1)
  2 giant cockroaches (D:1)
  2 goblins (D:1)
  2 rats (D:1)
7 creatures vanquished.

Notes
Turn   | Place    | Note
-------+----------+-------------------------------------------
     0 | D:1      | protoss039 the Demonspawn Earth Elementalist began the
                  | quest for the Orb.
     0 | D:1      | Reached XP level 1. HP: 13/13 MP: 3/3
   203 | D:1      | Gained mutation: A weak demonic guardian rushes to your
                  | aid. [demonic ancestry]
   203 | D:1      | Reached XP level 2. HP: 19/20 MP: 1/5
   307 | D:$      | Got out of the dungeon alive.

Illustrated notes

Levels and vault maps discovered:
D:1:      dpeg_arrival_shrine, layout_loops_ring, serial_shops, shop,
          minmay_indecisive_spiral

Action                     || total
---------------------------++-------
  Melee: Dagger            ||    16
         Punch             ||     1
   Cast: Sandblast         ||     9
 Armour: Robe              ||     1
  Dodge: Dodged            ||    19

Table legend: (Time is in decaauts)
 A = Elapsed time spent in this place.
 B = Non-inter-level travel time spent in this place.
 C = Inter-level travel time spent in this place.
 D = Time resting spent in this place.
 E = Time spent auto-exploring this place.
 F = Levels seen in this place.
 G = Mean time per level.
                   A        B        C        D        E       F      G
               +--------+--------+--------+--------+--------+-----+--------+
         Total |    311 |    253 |     58 |      0 |    197 |   1 |  311.0 |
       Dungeon |    311 |    253 |     58 |      0 |    197 |   1 |  311.0 |
               +--------+--------+--------+--------+--------+-----+--------+

Top non-repeatable levels by time:
     D:1: 311 daAuts
